Map: King Sejong Station LE

Players

Soulspirit - Winner!

  • Race: Zerg Zerg
  • League: Grandmaster

Miszu

  • Race: Terran Terran
  • League: Master

VOD

Have the link to the VOD?

Description

Time

  • Played on: June 27, 2016, 7:40 p.m.
  • Length: 7:05
Show
View Real Time Build Order
Export as new Build Order

Soulspirit Zerg - Winner!

Build Orders: Hatch First 

Get SALT Encoding   

  12  0:00  Drone  
  13  0:12  Overlord  
  13  0:17  Drone  
  14  0:30  Drone x2  
  16  0:38  Drone  
  17  0:54  Hatchery  
  17  0:56  Drone  
  17  0:59  Drone  
  18  1:11  Extractor  
  18  1:15  Spawning Pool  
  16  1:25  Drone x2  
  18  1:30  Drone  
  19  1:39  Overlord  
  19  2:01  Zergling x4  
  19  2:02  Queen  
  19  2:06  Queen  
  19  2:08  Zergling x2  
  26  2:11  Metabolic Boost  
  26  2:14  Drone  
  27  2:17  Drone  
  27  2:21  Drone  
  28  2:38  Drone x2  
  28  2:43  Overlord  
  30  2:45  Queen  
  30  2:50  Drone x2  
  34  3:14  Zergling x2  
  34  3:15  Zergling x18  
  44  3:26  Overlord  
  44  3:36  Hatchery  
  43  3:46  Drone x2  
  43  3:47  Overlord, Drone x2  
  43  3:48  Drone x2  
  45  4:04  Drone x2  
  45  4:07  Drone x4  
  51  4:10  Roach Warren  
  50  4:19  Extractor  
  50  4:24  Overlord, Drone x2  
  49  4:25  Drone x2  
  53  4:31  Drone  
  53  4:32  Drone  
  55  4:44  Drone, Evolution Chamber  
  55  4:45  Extractor, Drone x3, Evolution Chamber  
  58  4:49  Lair  
  58  4:51  Queen  
  58  5:00  Spore Crawler  
  58  5:01  Spore Crawler  
  58  5:03  Drone  
  58  5:04  Spore Crawler x2, Drone  
  56  5:07  Drone x2  
  58  5:22  Drone x7  
  58  5:23  Drone x2  
  64  5:29  Drone x3  
  64  5:30  Drone x2  
  67  5:47  Overlord  
  67  5:52  Overseer  
  65  6:00  Zergling x6  
  65  6:01  Zergling x8  
  70  6:06  Drone  
  70  6:07  Extractor, Drone x2, Spire  
  70  6:08  Drone x2  
  70  6:09  Zergling x4  
  75  6:13  Queen  
  77  6:19  Spore Crawler  
  71  6:37  Zergling x2  
  71  6:38  Zergling x10  
  71  6:39  Drone x3  
  76  6:42  Drone  
  76  6:49  Drone  
Show
View Real Time Build Order
Export as new Build Order

Miszu Terran 

Build Orders: Liberator Opening, Reaper Expand 

Get SALT Encoding   

  12  0:01  SCV  
  13  0:13  SCV  
  14  0:17  Supply Depot  
  14  0:25  SCV  
  15  0:39  SCV  
  15  0:40  Barracks  
  16  0:44  Refinery  
  16  0:51  SCV  
  17  1:03  SCV  
  18  1:15  SCV  
  19  1:27  Reaper  
  19  1:28  Orbital Command  
  20  1:42  Command Center  
  20  1:54  Supply Depot, SCV  
  20  1:58  Refinery  
  21  2:01  Barracks Reactor  
  21  2:07  SCV  
  22  2:19  SCV  
  22  2:20  Factory  
  23  2:31  SCV  
  24  2:38  Marine x2  
  24  2:43  SCV  
  27  2:53  Orbital Command  
  27  2:55  Marine, SCV  
  27  2:56  Marine  
  30  3:06  Starport  
  30  3:07  SCV  
  30  3:09  Factory Reactor  
  31  3:13  Marine x2  
  31  3:19  SCV  
  34  3:24  SCV  
  34  3:28  Supply Depot  
  34  3:31  Marine x2, SCV  
  37  3:36  SCV  
  38  3:43  SCV  
  38  3:48  SCV  
  40  3:50  Supply Depot, Marine x2  
  40  3:53  Liberator x2  
  42  3:55  SCV  
  35  4:08  Marine x2, Orbital Command  
  35  4:11  Factory Tech Lab  
  35  4:13  SCV  
  33  4:25  Marine x2, SCV  
  33  4:26  Supply Depot  
  33  4:29  Widow Mine  
  38  4:34  SCV  
  39  4:40  Orbital Command  
  39  4:44  SCV  
  39  4:45  Command Center  
  40  4:53  Medivac  
  40  4:56  SCV  
  40  4:59  Marine x2  
  46  5:08  SCV  
  46  5:21  SCV  
  46  5:33  SCV  
  47  5:40  Siege Tank  
  47  5:42  Marine x2  
  50  5:43  Engineering Bay x2  
  50  5:44  Barracks, Orbital Command  
  50  5:45  Barracks, SCV  
  52  6:06  SCV  
  52  6:10  Orbital Command  
  53  6:12  SCV  
  54  6:22  Marine  
  55  6:27  SCV  
  51  6:34  SCV  
  51  6:38  Marine, Barracks Tech Lab  
  51  6:39  Barracks Tech Lab, SCV  
  55  6:46  SCV  
  52  6:51  SCV  
  52  6:53  Refinery x2, Barracks  
  51  6:54  Barracks  
Tags
 
Add a new tag
Caveats
  • Supply blocks, unpowered buildings, or Contaminate may cause inaccurate times.
  • Supply counts are checked every 10 seconds.